 Dungeon Crawl Stone Soup version 0.28-a0-1002-gf00fe891ef (webtiles) character file.

Game seed: 719094683460904084

323 ytrimaz the Insei (level 6, 0/61 HPs)
             Began as an Octopode Transmuter on Dec 6, 2021.
             Slain by Blork the orc (10 damage)
             ... on level 5 of the Dungeon.
             The game lasted 00:04:25 (5293 turns).

ytrimaz the Insei (Octopode Transmuter)             Turns: 5293, Time: 00:04:26

Health: 0/61       AC:  1    Str: 10    XL:     6   Next: 47%
Magic:  9/10       EV: 13    Int: 17    God:
Gold:   162        SH:  0    Dex: 12    Spells: 7/11 levels left

rFire   . . .      SeeInvis .     - Unarmed
rCold   . . .      Faith    .   (no shield)
rNeg    . . .      Spirit   .   (helmet restricted)
rPois   .          Reflect  .   (no amulet)
rElec   .          Harm     .   (no ring)
rCorr   .          Rampage  .   (no ring)
Will    .....                   (no ring)
Stlth   ..........              (no ring)
HPRegen 0.20/turn               (no ring)
MPRegen 0.12/turn               (no ring)
                                (no ring)
                                (no ring)

@: berserking (expiring), very quick
A: almost no armour, amphibious, 8 rings, camouflage 1, gelatinous body 1,
(nimble swimmer 1), tentacles
a: no special abilities


You were on level 5 of the Dungeon.
You visited 1 branch of the dungeon, and saw 5 of its levels.

You collected 162 gold pieces.

Inventory:

Jewellery
 e - a ring of protection from fire
Scrolls
 a - 3 scrolls of fear
Potions
 b - a potion of resistance
 g - a potion of attraction {unknown}


   Skills:
 * Level 2.4 Fighting
 - Level 2.0 Dodging
 + Level 5.1 Unarmed Combat
 * Level 3.2 Spellcasting
 * Level 3.4 Transmutations
 + Level 0.7 Poison Magic


You had 7 spell levels left.
You knew the following spells:

 Your Spells              Type           Power      Damage    Failure   Level
a - Beastly Appendage     Tmut           28%        N/A       4%          1
b - Spider Form           Tmut/Pois      9%         N/A       22%         3

Your spell library contained the following spells:

 Spells                   Type           Power      Damage    Failure   Level
 Wereblood                Tmut           14%        N/A       6%          2
 Slow                     Hex            8%         N/A       17%         1
 Confusing Touch          Hex            2%         N/A       45%         3
 Vampiric Draining        Necr           2%         2d6       45%         3
 Ice Form                 Ice/Tmut       8%         N/A       63%         4


Dungeon Overview and Level Annotations

Branches:
Dungeon (5/15)
 Temple: D:4-7

Altars:
Elyvilon
Makhleb

Annotations:
D:2 1 runed translucent door, Crazy Yiuf
D:4 Edmund, Robin
D:5 Blork the orc, Eustachio


Innate Abilities, Weirdness & Mutations

You cannot wear most types of armour.
You are amphibious.
You can wear up to eight rings at the same time.
Your skin changes colour to match your surroundings (Stealth+).
Your rubbery body absorbs attacks. (AC +1, EV +1)
((You are camouflaged near water. (Stealth+)))
You have tentacles for arms and can constrict up to eight enemies at once.


Message History

* * * LOW HITPOINT WARNING * * *
You feel very sick. The water moccasin closely misses you.
Unknown command.
You feel better. The water moccasin barely misses you.
Unknown command.
The water moccasin bites you.
* * * LOW HITPOINT WARNING * * *
As you read the scroll of teleportation, it crumbles to dust.
You feel strangely unstable.
Your transformation is almost over.
The water moccasin misses you. The water moccasin barely misses you.
Your surroundings suddenly seem different.
A black bear and Eustachio come into view.
Found a weird glowing staff.
Found a white marble altar of Elyvilon.
Found a stone staircase leading down.
Eustachio shouts!
You hear a shout!
Eustachio mumbles some strange words.
Unknown command.
As you read the scroll of teleportation, it crumbles to dust.
You feel strangely unstable.
Eustachio mumbles some strange words.
The black bear closely misses you. The black bear barely misses you.
The black bear claws you.
* * * LOW HITPOINT WARNING * * *
The crimson imp blinks!
Unknown command.
Your surroundings suddenly seem different.
Blork the orc comes into view.
He is wielding a +0 hand axe and carrying a wand of polymorph (12).
Found a stone staircase leading down.
Blork the orc shouts!
A red film seems to cover your vision as you go berserk!
You feel yourself moving faster!
You feel mighty!
Your transformation has ended.
You feel a strong urge to attack something.
Blork the orc zaps a wand.
You resist with some effort.
You are too berserk!
Blork the orc hits you with a +0 hand axe!
You die...

......
.....
..>.##
#....#
#....#
#....#
####...o#
.......@#
........#
####....#
#....#
#....#
#....# ..
###### .
.


You could see Blork the orc.

Vanquished Creatures
  A hound (D:5)
  An iguana (D:5)
  A scorpion zombie (D:5)
  7 gnolls
  5 adders
  A howler monkey skeleton (D:4)
  3 dart slugs
  3 worms
  15 orcs
  3 endoplasms
  13 goblins
  6 hobgoblins
  6 jackals
  9 kobolds
  2 quokkas (D:3)
  6 ball pythons
  5 bats
  3 frilled lizards (D:1)
  7 rats
97 creatures vanquished.

Vanquished Creatures (others)
  7 plants (D:1)
7 creatures vanquished.

Grand Total: 104 creatures vanquished

Notes
Turn   | Place    | Note
-------+----------+-------------------------------------------
     0 | D:1      | ytrimaz the Octopode Transmuter began the quest for the
                  | Orb.
     0 | D:1      | Reached XP level 1. HP: 13/13 MP: 3/3
   349 | D:1      | Reached XP level 2. HP: 18/18 MP: 3/5
   797 | D:1      | Reached XP level 3. HP: 12/23 MP: 6/6
  1816 | D:2      | Learned a level 3 spell: Spider Form
  1932 | D:2      | Found a runed translucent door.
  1933 | D:2      | Noticed Crazy Yiuf
  2141 | D:2      | Reached XP level 4. HP: 15/28 MP: 6/8
  2934 | D:3      | Reached skill level 4 in Unarmed Combat
  3125 | D:3      | Reached XP level 5. HP: 20/34 MP: 2/9
  4286 | D:3      | Found a burning altar of Makhleb.
  4441 | D:3      | Found a faded altar of an unknown god.
  4494 | D:4      | Noticed Robin
  4494 | D:4      | Noticed an ogre
  4859 | D:4      | Reached XP level 6. HP: 21/39 MP: 10/10
  4873 | D:4      | Noticed Edmund
  4894 | D:5      | Entered Level 5 of the Dungeon
  5109 | D:5      | Reached skill level 5 in Unarmed Combat
  5269 | D:5      | Noticed a water moccasin
  5285 | D:5      | Found a white marble altar of Elyvilon.
  5285 | D:5      | Noticed Eustachio
  5285 | D:5      | Noticed a black bear
  5289 | D:5      | Noticed Blork the orc
  5293 | D:5      | Slain by Blork the orc

Illustrated notes

Levels and vault maps discovered:
D:1:      minmay_arrival_open_corners, layout_loops_ring,
          lexackson_kobold_supper
D:2:      layout_loops_corners, uniq_crazy_yiuf_cottage
D:3:      layout_loops_ring, nicolae_overflow_hidden_temple,
          chequers_ecumenical_altar_grove
D:4:      layout_rooms, nrook_mini_backslash, small_statue_intersection,
          uniq_edmund, uniq_robin
D:5:      layout_rooms, mainiacjoe_overflow_boulevard, xom_teletrap_fun,
          mainiacjoe_overflow_large_starburst, minmay_splitting_lines,
          uniq_blork_the_orc, uniq_eustachio, uniq_prince_ribbit1

Skill      XL: |  1  2  3  4  5  6 |
---------------+-------------------+-----
Unarmed Combat | 4 5 |  5.1
Transmutations | 3 |  3.4
Fighting       | 2 |  2.4
Spellcasting   | 3 |  3.2
Dodging        | |  2.0
Poison Magic   | |  0.7

Action                   |  1- 3 |  4- 6 || total
-------------------------+-------+-------++-------
Melee: Unarmed           |    87 |   154 ||   241
       Constrict         |    22 |    22 ||    44
       Tentacles         |     9 |     7 ||    16
       Kick              |     7 |       ||     7
       Punch             |     3 |       ||     3
 Cast: Beastly Appendage |    10 |     1 ||    11
       Spider Form       |       |    11 ||    11
  Use: Scroll            |     3 |     7 ||    10
       Potion            |       |     4 ||     4
 Stab: Sleeping          |     4 |     5 ||     9
       Distracted        |       |     1 ||     1
Armor: Skin              |     9 |     8 ||    17
Dodge: Dodged            |    67 |    97 ||   164

Table legend: (Time is in decaauts)
 A = Elapsed time spent in this place.
 B = Non-inter-level travel time spent in this place.
 C = Inter-level travel time spent in this place.
 D = Time resting spent in this place.
 E = Time spent auto-exploring this place.
 F = Levels seen in this place.
 G = Mean time per level.
                   A        B        C        D        E       F      G
               +--------+--------+--------+--------+--------+-----+--------+
         Total |   5275 |   5153 |    122 |    482 |   3896 |   5 | 1055.0 |
       Dungeon |   5275 |   5153 |    122 |    482 |   3896 |   5 | 1055.0 |
               +--------+--------+--------+--------+--------+-----+--------+

Top non-repeatable levels by time:
     D:2: 1696 daAuts
     D:3: 1410 daAuts
     D:1: 1399 daAuts
     D:5: 395 daAuts
     D:4: 373 daAuts
